 Dungeon Crawl Stone Soup version 0.25.1-1-g288607f (webtiles) character file.

Game seed: 6762609968759640714

1554 KINGKRU the Chopper (level 8, 0/70 HPs)
             Began as a Hill Orc Fighter on Aug 26, 2020.
             Was a Follower of Trog.
             Slain by an orc warrior
             ... wielding a +0 war axe
              (5 damage)
             ... on level 6 of the Dungeon.
             The game lasted 00:28:25 (5661 turns).

KINGKRU the Chopper (Hill Orc Fighter)              Turns: 5661, Time: 00:28:25

Health: 0/70       AC: 12    Str: 20    XL:     8   Next: 88%
Magic:  0/11       EV:  9    Int:  8    God:    Trog [*.....]
Gold:   306        SH: 10    Dex: 11    Spells: 11/11 levels left

rFire    . . .     SeeInvis .   w - +1 spear (venom)
rCold    . . .     Gourm    .   c - +0 kite shield
rNeg     . . .     Faith    .   b - +0 scale mail
rPois    +         Spirit   +   e - +0 helmet
rElec    .         Reflect  .   (no cloak)
rCorr    .         Harm     .   (no gloves)
MR       .....                  (no boots)
Stlth    +.........             d - amulet of guardian spirit
HPRegen  0.21/turn              j - +4 ring of protection
MPRegen  0.12/turn              o - ring of poison resistance

@: no status effects
A: no striking features
a: Berserk, Renounce Religion, Convert to Beogh


You were on level 6 of the Dungeon.
You worshipped Trog.
Trog was aware of your devotion.
You were not hungry.

You visited 2 branches of the dungeon, and saw 7 of its levels.

You collected 306 gold pieces.

Inventory:

Hand Weapons
 a - a +0 war axe
 k - a +2 falchion of holy wrath
 w - a +1 spear of venom (weapon)
Armour
 b - a +0 scale mail (worn)
 c - a +0 kite shield (worn)
 e - a +0 helmet (worn)
Jewellery
 d - an amulet of guardian spirit (around neck)
 j - a +4 ring of protection (left hand)
 n - a cursed ring of attention
 o - a ring of poison resistance (right hand)
Scrolls
 f - a scroll of summoning {unknown}
 g - 4 scrolls of teleportation
 h - 2 scrolls of magic mapping {unknown}
 i - 2 scrolls of blinking
 l - a scroll of fear {unknown}
 r - 2 scrolls of remove curse {unknown}
 s - 2 scrolls of identify
 t - a scroll of immolation {unknown}
 u - a scroll of amnesia {unknown}
Potions
 m - a potion of stabbing {unknown}
 p - a potion of haste {unknown}
 q - a potion of invisibility {unknown}
 v - a potion of flight {unknown}


   Skills:
 + Level 6.2 Fighting
 + Level 7.2(7.7) Axes
 + Level 3.0(4.9) Polearms
 + Level 2.8 Throwing
 + Level 6.3 Armour
 + Level 3.3 Dodging
 + Level 2.8 Stealth
 + Level 6.8 Shields
 + Level 4.3 Unarmed Combat
 - Level 2.3 Spellcasting


You had 11 spell levels left.
You didn't know any spells.
Your spell library contained the following spells:

 Spells                   Type           Power        Failure   Level  Hunger
 Animate Skeleton         Necr           N/A          95%         1    ##.....
 Apportation              Tloc           #.....       95%         1    ##.....
 Corona                   Hex            #......      95%         1    ##.....
 Summon Small Mammal      Summ           #...         95%         1    ##.....


Dungeon Overview and Level Annotations

Branches:
Dungeon (6/15)             Temple (1/1) D:4

Altars:
Ashenzari
Dithmenos
Elyvilon
Kikubaaqudgha
Nemelex Xobeh
Okawaru
Ru
Trog
Uskayaw
Vehumet
Zin
The Shining One

Shops:
D:5 (


Message History

You block the orc's attack. The orc priest hits you with a +0 whip.
You block the orc warrior's attack.
The orc priest shouts, "Beogh is our master!
Accept the truth or die!"
You hit the orc priest but do no damage.
The orc priest looks as sick as possible!
The orc priest is severely wounded.
The orc priest shouts, "Join the one true god or die!"
You block the orc's attack.
The orc priest calls down the wrath of Beogh upon you.
Beogh smites you!
* * * LOW HITPOINT WARNING * * *
You closely miss the orc priest.
The orc priest is almost dead.
The orc warrior hits you with a +0 war axe!
* * * LOW HITPOINT WARNING * * *
The orc hits you with a +0 hand axe.
* * * LOW HITPOINT WARNING * * *
The orc priest closely misses you.
The orc warrior hits you with a +0 war axe.
You die...

.....)...##...........
.............###....[.#..##
.............##......##....
......##............## ..#
..........##.........##.# ##.
#.........##(.......#..#....
###........................#
#..(.......................#
#.........<....o@....)....#
#....#.........oo...#.......#
.....###...(....(....##.....#
##.#..##........#........#...
###..........###.......## #.
#....##.....# #......##
#............#......##
#..##..##....#.......#
#..###.#............##


You could see an orc warrior (very poisoned), an orc priest (extremely poisoned)
and an orc.

Vanquished Creatures
  Sigmund (D:3)
  A sky beast (D:5)
  An ice beast (D:6)
  2 phantoms (D:5)
  An ogre (D:5)
  A centaur (D:5)
  2 elf zombies (D:6)
  4 elf skeletons (D:6)
  A howler monkey (D:4)
  A human zombie (D:6)
  An orc priest (D:5)
  An orc wizard (D:5)
  2 human skeletons (D:6)
  2 worker ants
  7 gnolls
  A howler monkey skeleton (D:4)
  6 adders
  2 shadow imps (D:5)
  2 oozes
  A worm (D:3)
  A dart slug (D:1)
  A leopard gecko (D:4)
  8 orcs
  2 giant cockroaches
  5 goblins
  5 hobgoblins
  4 jackals (D:2)
  9 kobolds
  7 quokkas
  2 ball pythons (D:5)
  8 bats
  6 frilled lizards
  A giant cockroach zombie (D:5)
  An orc skeleton (D:6)
  An orc zombie (D:6)
  6 rats
107 creatures vanquished.

Notes
Turn   | Place    | Note
-------+----------+-------------------------------------------
     0 | D:1      | KINGKRU the Hill Orc Fighter began the quest for the Orb.
     0 | D:1      | Reached XP level 1. HP: 19/19 MP: 1/1
   257 | D:1      | Reached XP level 2. HP: 22/27 MP: 2/2
   813 | D:1      | Reached skill level 3 in Axes
   997 | D:2      | Reached XP level 3. HP: 14/33 MP: 3/3
  1184 | D:2      | Found an iron altar of Okawaru.
  1266 | D:2      | Found a radiant altar of Vehumet.
  1368 | D:2      | Reached skill level 5 in Fighting
  1368 | D:2      | Reached skill level 5 in Axes
  1368 | D:2      | Reached skill level 5 in Armour
  1368 | D:2      | Reached skill level 5 in Shields
  1368 | D:2      | Reached XP level 4. HP: 44/44 MP: 3/7
  1710 | D:3      | Found a sparkling altar of Nemelex Xobeh.
  1923 | D:3      | Noticed Sigmund
  1940 | D:3      | Killed Sigmund
  1940 | D:3      | Reached skill level 6 in Axes
  1940 | D:3      | Reached XP level 5. HP: 35/50 MP: 8/8
  1940 | D:3      | Reached XP level 6. HP: 39/57 MP: 9/9
  2801 | D:4      | Found a staircase to the Ecumenical Temple.
  2822 | Temple   | Entered the Ecumenical Temple
  2944 | Temple   | Became a worshipper of Trog the Wrathful
  3229 | D:5      | Entered Level 5 of the Dungeon
  3316 | D:5      | Reached XP level 7. HP: 38/63 MP: 10/10
  3701 | D:5      | Found Rafi Dez's Weapon Shop.
  4382 | D:5      | Reached * piety under Trog
  4567 | D:5      | Found a shadowy altar of Dithmenos.
  4568 | D:5      | Found a glowing golden altar of the Shining One.
  4818 | D:6      | Reached skill level 7 in Axes
  4818 | D:6      | Reached XP level 8. HP: 70/70 MP: 11/11
  5402 | D:6      | Found a sand-covered staircase.
  5417 | D:6      | Reached skill level 1 in Polearms
  5661 | D:6      | Slain by an orc warrior

Illustrated notes

Levels and vault maps discovered:
D:1:      lightli_arrival_maybe_door_vault, layout_basic, chequers_arboretum
D:2:      layout_basic, lemuel_blue_sif_altar, vehumet_crystals,
          nicolae_overflow_hidden_temple, minmay_pentomino_s2
D:3:      layout_loops_corners, nemelex_xobeh_ov_fountains_minmay, uniq_sigmund
D:4:      layout_basic, minmay_temple_entry_mini_moons, first_ration,
          minmay_bisected
D:5:      layout_cave_pods, gammafunk_temple_overflow_statue, serial_shops,
          kennysheep_mini
D:6:      layout_cave_pools, nicolae_overflow_crystal_walls,
          nicolae_ossuary_entry_catacombs, gammafunk_ghost_cemetery,
          serial_bayou_lagoon_a, uniq_blork_the_orc, uniq_grinder
Temple:   minmay_temple_curvy_loop

Skill      XL: |  1  2  3  4  5  6  7  8 |
---------------+-------------------------+-----
Axes           | 3 5 6 7 |  7.2
Fighting       | 4 5 6 |  6.2
Throwing       | 2 |  2.8
Armour         | 5 6 |  6.3
Dodging        | 2 3 |  3.3
Stealth        | 2 |  2.8
Shields        | 5 6 |  6.8
Unarmed Combat | 3 4 |  4.3
Spellcasting   | 2 |  2.3
Polearms       | 3 |  3.0

Action                   |  1- 3 |  4- 6 |  7- 9 || total
-------------------------+-------+-------+-------++-------
Melee: War axe           |   134 |    92 |    62 ||   288
       Unarmed           |       |    41 |    68 ||   109
       Spear             |       |       |   221 ||   221
  Use: Scroll            |     3 |     4 |     2 ||     9
       Potion            |     2 |     2 |     2 ||     6
  Eat: Ration            |     1 |     1 |     3 ||     5
Armor: Scale mail        |    93 |    53 |   109 ||   255
Dodge: Dodged            |    59 |    37 |    95 ||   191
Block: Kite shield       |    91 |    61 |   134 ||   286
